 Dungeon Crawl Stone Soup version 0.26-a0-252-gb32a1a6195 (webtiles) character file.

Game seed: 4453020355202017201

131 BritishOli the Slasher (level 4, -3/35 HPs)
             Began as a Demonspawn Gladiator on July 9, 2020.
             Slain by a gnoll
             ... wielding a +0 spear
              (8 damage)
             ... on level 3 of the Dungeon.
             The game lasted 00:01:26 (1641 turns).

BritishOli the Slasher (Demonspawn Gladiator)       Turns: 1641, Time: 00:01:26

Health: -3/35      AC:  4    Str: 16    XL:     4   Next: 91%
Magic:  4/4        EV: 13    Int:  9    God:
Gold:   94         SH:  4    Dex: 14    Spells: 3/3 levels left

rFire    + . .     SeeInvis .   a - +0 long sword
rCold    x . .     Faith    .   (no shield)
rNeg     . . .     Spirit   .   b - +0 leather armour
rPois    .         Reflect  .   c - +0 helmet
rElec    .         Harm     .   (no cloak)
rCorr    .                      (no gloves)
MR       .....                  (no boots)
Stlth    +.........             (no amulet)
HPRegen  0.11/turn              n - ring of fire
MPRegen  0.09/turn              (no ring)

@: no status effects
A: talons 1, large bone plates 1, rot immunity
a: no special abilities


You were on level 3 of the Dungeon.
You were not hungry.

You visited 1 branch of the dungeon, and saw 3 of its levels.

You collected 94 gold pieces.

Inventory:

Hand Weapons
 a - a +0 long sword (weapon)
Missiles
 d - 3 throwing nets (quivered)
Armour
 b - a +0 leather armour (worn)
 c - a +0 helmet (worn)
Jewellery
 n - a ring of fire (left hand)
Scrolls
 e - a scroll of identify {unknown}
 g - a scroll of remove curse
 h - a scroll of teleportation {unknown}
 i - a scroll of enchant weapon {unknown}
 k - a scroll of magic mapping {unknown}
 l - a scroll of immolation {unknown}
Potions
 j - a potion of might {unknown}
 m - a potion of haste {unknown}
Comestibles
 f - a ration


   Skills:
 + Level 3.0 Fighting
 + Level 3.4 Long Blades
 - Level 2.0 Throwing
 + Level 1.8 Armour
 + Level 3.4 Dodging


You had 3 spell levels left.
You didn't know any spells.
Your spell library was empty.

Dungeon Overview and Level Annotations

Branches:
Dungeon (3/15)

Altars:
Kikubaaqudgha
Uskayaw


Innate Abilities, Weirdness & Mutations

You have sharp toenails.
You are partially covered in large bone plates. (SH +4)
You are immune to rotting.


Message History

The gnoll misses you.
You hit the gnoll but do no damage. You claw the gnoll.
The gnoll is lightly wounded.
The gnoll closely misses you. The gnoll misses you.
The gnoll hits you but does no damage.
You hit the gnoll. You claw the gnoll.
The gnoll is moderately wounded.
The gnoll barely misses you. The gnoll closely misses you. The gnoll hits you.
* * * LOW HITPOINT WARNING * * *
You closely miss the gnoll. Your kick misses the gnoll.
The gnoll is moderately wounded.
A frilled lizard comes into view.
The gnoll misses you. The gnoll completely misses you.
You riposte.
The frilled lizard hisses angrily.
You hit the gnoll but do no damage. You claw the gnoll, but do no damage.
The gnoll is moderately wounded.
The frilled lizard moves out of view.
The gnoll closely misses you.
The gnoll hits you from afar with a +0 spear!
You die...

#)# ##..##....).... ##.#######
##..##......... ...##....####
#.g.Ol......... รท.....##.##<#
#.g.##......... ......##.##.#
#...##.........
......##....#######g#.###########
......######......g.#.# ......#
#.........># ......# #....@..####
......# ######### ......# ......#
......# ......# #######


You could see an ogre, 2 gnolls, a hobgoblin and a frilled lizard.

Vanquished Creatures
  An orc wizard (D:3)
  2 gnolls (D:3)
  3 adders
  2 oozes (D:2)
  A worm (D:2)
  3 dart slugs
  2 leopard geckos
  2 orcs (D:3)
  A ball python (D:2)
  3 bats
  A giant cockroach (D:3)
  3 goblins
  3 hobgoblins (D:2)
  3 jackals (D:2)
  A quokka (D:2)
  5 frilled lizards
  3 kobolds
  5 rats
44 creatures vanquished.

Notes
Turn   | Place    | Note
-------+----------+-------------------------------------------
     0 | D:1      | BritishOli the Demonspawn Gladiator began the quest for the
                  | Orb.
     0 | D:1      | Reached XP level 1. HP: 16/16 MP: 1/1
    17 | D:1      | You fall into a shaft and drop 1 floor!
   121 | D:2      | Found an ancient bone altar of Kikubaaqudgha.
   136 | D:2      | Gained mutation: You have sharp toenails. [demonic
                  | ancestry]
   136 | D:2      | Reached XP level 2. HP: 17/22 MP: 2/2
   497 | D:2      | Reached skill level 1 in Armour
   497 | D:2      | Gained mutation: You are partially covered in large bone
                  | plates. (SH +4) [demonic ancestry]
   497 | D:2      | Reached XP level 3. HP: 23/28 MP: 3/3
  1344 | D:3      | Gained mutation: You are immune to rotting. [demonic
                  | ancestry]
  1344 | D:3      | Reached XP level 4. HP: 30/34 MP: 4/4
  1415 | D:3      | Found a hide-covered altar of Uskayaw.
  1600 | D:3      | Noticed an ogre
  1641 | D:3      | Slain by a gnoll

Illustrated notes

Levels and vault maps discovered:
D:1:      wander_arrival_estate, layout_rooms
D:2:      layout_loops_corners, kiku_gazebo_garden_becter
D:3:      layout_basic, lemuel_doored_altar

Skill      XL: |  1  2  3  4 |
---------------+-------------+-----
Throwing       | 2 |  2.0
Long Blades    | 3 |  3.4
Armour         | 1 |  1.8
Dodging        | 3 |  3.4
Fighting       | 3 |  3.0

Action                   |  1- 3 |  4- 6 || total
-------------------------+-------+-------++-------
Melee: Long sword        |    80 |    39 ||   119
       Kick              |    14 |    12 ||    26
  Use: Scroll            |     1 |       ||     1
 Stab: Sleeping          |     1 |       ||     1
  Eat: Ration            |     1 |       ||     1
Armor: Leather armour    |    28 |    12 ||    40
Dodge: Dodged            |    60 |    42 ||   102
Block: Other             |     5 |     8 ||    13
       Rpst.: Long sword |    17 |     6 ||    23

Table legend:
 A = Non-vault XP
 B = Vault XP
 C = Vault XP percentage of total XP
 D = Non-vault monster count
 E = Vault monster count
 F = Vault count percentage of total count
                 A         B        C        D         E       F
            +---------+---------+-------+---------+---------+-------
      Total |     188 |       0 |   0.0 |      44 |       0 |   0.0
            +---------+---------+-------+---------+---------+-------
        D:2 |      86 |       0 |   0.0 |      27 |       0 |   0.0
        D:3 |     102 |       0 |   0.0 |      17 |       0 |   0.0
            +---------+---------+-------+---------+---------+-------
